 Dungeon Crawl Stone Soup version 0.32-a0-913-g739538afd8 (webtiles) character file.

Game seed: 17973937141962462086

136 redmage the Trooper (level 5, 0/33 HPs)
             Began as a Gargoyle Fighter on Apr 7, 2024.
             Incinerated by a bombardier beetle (5 damage)
             ... with a burning spray
             ... on level 4 of the Dungeon.
             The game lasted 00:06:54 (2482 turns).

redmage the Trooper (Gargoyle Fighter)              Turns: 2482, Time: 00:06:54

Health: 0/33       AC: 14    Str: 22    XL:     5   Next: 19%
Magic:  5/5        EV:  8    Int:  8    God:
Gold:   46         SH:  4    Dex:  9    Spells: 4/4 levels left

rFire   . . .        a - +0 flail
rCold   . . .        c - +0 buckler
rNeg    + . .        b - +0 scale mail
rPois   ∞            (no helmet)
rElec   +            (no cloak)
rCorr   .            (no gloves)
SInv    +            n - +2 pair of boots
Will    .....        (no amulet) Stlth
                     h - ring of see invisible
HPRegen 0.25/turn    (no ring)
MPRegen 0.09/turn

%: no passive effects
@: on fire, glowing
A: sickness immunity, AC +4, negative energy resistance 1, electricity
resistance, torment resistance 1, petrification resistance
a: no special abilities


You were on level 4 of the Dungeon.
You visited 1 branch of the dungeon, and saw 4 of its levels.

You collected 154 gold pieces.
You spent 108 gold pieces at shops.

Inventory:

Hand Weapons
 a - a +0 flail (weapon)
Armour
 b - a +0 scale mail (worn)
 c - a +0 buckler (worn)
 n - a +2 pair of boots (worn)
Magical Staves
 s - a staff of alchemy
Jewellery
 h - a ring of see invisible (left hand)
 k - a +6 ring of intelligence
Talismans
 r - a beast talisman
Scrolls
 e - 3 scrolls of teleportation
 j - 2 scrolls of revelation {unknown}
 m - 2 scrolls of immolation {unknown}
 o - a scroll of summoning {unknown}
 t - a scroll of poison
Potions
 d - a potion of might
 i - 4 potions of curing
 l - a potion of invisibility
 q - a potion of brilliance


   Skills:
 + Level 4.2 Fighting
 + Level 3.1 Maces & Flails
 + Level 4.2 Armour
 + Level 4.1 Shields


You had 4 spell levels left.
You didn't know any spells.
Your spell library was empty.

Dungeon Overview and Level Annotations

Branches:
Dungeon (4/15)
 Temple: D:4-7

Altars:
Qazlal

Shops:
D:2 (   D:3 !


Innate Abilities, Weirdness & Mutations

You are immune to sickness and miasma.
Your stone body is resilient. (AC +4)
You are immune to poison.
You resist negative energy. (rN+)
You are resistant to electric shocks. (rElec)
You are resistant to unholy torment.
You are immune to petrification.


Message History

You barely miss the bombardier beetle.
The bombardier beetle is moderately wounded.
The liquid fire burns you!
The bombardier beetle bites you but does no damage.
You hit the bombardier beetle but do no damage.
The bombardier beetle is moderately wounded.
The liquid fire burns you!
You closely miss the bombardier beetle.
The bombardier beetle is moderately wounded.
The liquid fire burns you!
The bombardier beetle barely misses you.
You are too injured to fight recklessly!
You are too injured to fight recklessly!
You are too injured to fight recklessly!
You are too injured to fight recklessly!
You are too injured to fight recklessly!
You hit the bombardier beetle but do no damage.
The bombardier beetle is moderately wounded.
The liquid fire burns you!
* * * LOW HITPOINT WARNING * * *
The bombardier beetle barely misses you.
You shake off some of the fire as you move.
The liquid fire burns you!
* * * LOW HITPOINT WARNING * * *
You feel much better. The liquid fire burns you!
You completely miss the bombardier beetle.
The bombardier beetle is moderately wounded.
The liquid fire burns you!
* * * LOW HITPOINT WARNING * * *
The bombardier beetle bites you but does no damage.
You hit the bombardier beetle.
The bombardier beetle is moderately wounded.
The liquid fire burns you!
* * * LOW HITPOINT WARNING * * *
The bombardier beetle bites you but does no damage.
You barely miss the bombardier beetle.
The bombardier beetle is moderately wounded.
The liquid fire burns you!
You die...

## #. #. # #. .# ##.###.#
###...... #......#
#.≈....§ #. #B.# #.≈.≈≈§.≈
#. #@.# #.§§...§≈
#.###..##### #§≈§._.≈§
#####............#§§≈§..≈≈
........(.########.≈§§§§.≈
#######.#.# #.≈.§...
#.#.### ####..≈≈≈≈≈
##.....###...######
###..^.#...#.####...###
#<.......#...####......


You could see a bombardier beetle.

Vanquished Creatures
  An orc wizard (D:3)
  2 adders
  4 dart slugs
  2 ribbon worms (D:3)
  7 orcs (D:3)
  3 ball pythons
  2 bats (D:2)
  4 endoplasms
  2 giant cockroaches
  10 goblins
  6 hobgoblins
  5 kobolds
  2 quokkas (D:1)
  14 frilled lizards
  6 rats
70 creatures vanquished.

Notes
Turn   | Place    | Note
-------+----------+-------------------------------------------
     0 | D:1      | redmage the Gargoyle Fighter began the quest for the Orb.
     0 | D:1      | Reached XP level 1. HP: 14/14 MP: 1/1
    91 | D:1      | Reached XP level 2. HP: 19/19 MP: 2/2
   199 | D:1      | You fall into a shaft and drop 1 floor!
   364 | D:1      | Reached XP level 3. HP: 22/23 MP: 3/3
  1345 | D:2      | Reached XP level 4. HP: 28/29 MP: 4/4
  1507 | D:2      | Found Arupo's Weapon Shop.
  1916 | D:3      | Reached XP level 5. HP: 33/33 MP: 5/5
  1961 | D:3      | Found Ficlokasuops's Distillery.
  1966 | D:3      | Bought a potion of curing for 36 gold pieces
  1966 | D:3      | Bought a potion of heal wounds for 60 gold pieces
  1966 | D:3      | Bought a potion of degeneration for 12 gold pieces
  2365 | D:4      | Found a stormy altar of Qazlal.
  2482 | D:4      | Incinerated by a bombardier beetle

Illustrated notes

Levels and vault maps discovered:
D:1:      minmay_arrival_hallway, layout_basic, serial_park_tiny_2,
          minivault_23, hangedman_decor_points, minmay_lizard_king
D:2:      minmay_chambers_of_ones, layout_loops_ring, serial_shops, shop
D:3:      layout_basic, serial_shops, shop, hex_medium, kennysheep_pointless_box
D:4:      layout_loops_ring, mainiacjoe_overflow_paths, trog_ov_bears_minmay

Skill      XL: |  1  2  3  4 |
---------------+-------------+-----
Fighting       | 4 |  4.2
Armour         | 4 |  4.2
Maces & Flails | 3 |  3.1
Shields        | 4 |  4.1

Action                     |  1- 3 |  4- 6 || total
---------------------------+-------+-------++-------
  Melee: Flail             |   136 |    90 ||   226
    Use: Scroll            |       |     5 ||     5
         Potion            |       |     1 ||     1
 Armour: Scale mail        |   130 |    51 ||   181
  Dodge: Dodged            |    60 |    22 ||    82
  Block: Buckler           |    36 |    13 ||    49

Table legend: (Time is in decaauts)
 A = Elapsed time spent in this place.
 B = Non-inter-level travel time spent in this place.
 C = Inter-level travel time spent in this place.
 D = Time resting spent in this place.
 E = Time spent auto-exploring this place.
 F = Levels seen in this place.
 G = Mean time per level.
                   A        B        C        D        E       F      G
               +--------+--------+--------+--------+--------+-----+--------+
         Total |   2548 |   2484 |     64 |     35 |   1901 |   4 |  637.0 |
       Dungeon |   2548 |   2484 |     64 |     35 |   1901 |   4 |  637.0 |
               +--------+--------+--------+--------+--------+-----+--------+

Top non-repeatable levels by time:
     D:1: 1021 daAuts
     D:2: 851 daAuts
     D:3: 550 daAuts
     D:4: 124 daAuts
